AoeStats
← 今夜浓愁未到乡

MegaRandom

508643473Analyzed
4v4 RM · 9d ago on Sep 23, 2026· 50m 13s· 8 players
Game mode
Random Map
Map size
Large (8 player)
Population
200
Speed
Normal
Resources
Standard
Victory
Conquest
Starting age
Dark Age
Ending age
Imperial Age
RankedLock teamsTeams togetherTeam positionsShared explorationLock speedFull tech treeHidden civsTurbo modeCheats
Victory
Defeat
🇨🇳 Maya · China
1386
+15
🇨🇳 Franks · China
1386
+15
🇨🇳 Georgians · China
1361
+16
🇬🇷 Persians · Greece
1342
+17
1386
-16
1379
-16
🇨🇳 Khmer · China
1376
-16
1337
-15
粮粮草征收人
6:42 Loom
9:06 Feudal Age
10:05 Double-Bit Axe
10:35 Horse Collar
14:05 Wheelbarrow
14:52 Town Watch
17:49 Scale Mail Armor
20:35 Castle Age
19:50 Forging
22:09 Bow Saw
21:52 Stone Mining
26:19 Scale Barding Armor
26:28 Bloodlines
26:18 Husbandry
28:02 Chain Barding Armor
29:23 Iron Casting
30:58 Hand Cart
36:47 Imperial Age
38:30 Plate Barding Armor
37:55 Scale Mail Armor
37:39 Pikeman
38:20 Squires
39:36 Hoardings
39:58 Conscription
40:19 Chain Mail Armor
40:00 Gold Mining
40:45 Stone Shaft Mining
40:53 Stone Shaft Mining
40:20 Heavy Plow
40:55 Halberdier
42:58 Plate Mail Armor
47:03 Fletching
48:16 Blast Furnace
48:20 Arson
48:37 Bodkin Arrow
48:58 Svan Towers
锦水有鸳
0:32 Loom
11:32 Feudal Age
12:37 Double-Bit Axe
17:12 Castle Age
16:04 Scale Mail Armor
18:52 Wheelbarrow
22:34 Horse Collar
24:51 Hand Cart
24:22 Town Watch
25:58 Stone Mining
26:22 Bow Saw
26:15 Heavy Plow
26:43 Squires
29:38 Forging
32:27 Imperial Age
30:07 Eagle Warrior
30:35 Arson
31:08 Chain Mail Armor
31:30 Iron Casting
30:51 Gold Mining
32:55 Elite Eagle Warrior
34:13 Plate Mail Armor
34:17 Conscription
34:32 Holcans
35:44 Blast Furnace
38:02 Fletching
38:13 Padded Archer Armor
38:24 Thumb Ring
37:40 Elite Skirmisher
39:20 Bodkin Arrow
39:41 Leather Archer Armor
39:41 Crossbowman
41:14 Ballistics
41:54 Chemistry
41:06 Careening
40:54 Murder Holes
40:39 Treadmill Crane
41:01 Bracer
41:32 Ring Archer Armor
41:05 Hul'che Javelineers
40:29 Elite Plumed Archer
42:57 Caravan
43:28 Coinage
43:13 Guilds
43:36 Coinage
43:08 Town Patrol
43:46 Hoardings
42:37 Pikeman
45:45 Stone Shaft Mining
47:34 Banking
Petard Pete
3:24 Loom
10:11 Feudal Age
10:32 Double-Bit Axe
10:29 Horse Collar
13:02 Loom
18:31 Castle Age
19:30 Bow Saw
20:28 Wheelbarrow
20:13 Heavy Plow
23:33 Gold Mining
23:33 Stone Mining
26:03 Scale Barding Armor
26:09 Stone Mining
27:07 Hand Cart
32:52 Bloodlines
32:43 Husbandry
34:11 Gold Shaft Mining
34:11 Stone Shaft Mining
34:30 Forging
34:12 Fletching
37:15 Chain Barding Armor
41:08 Imperial Age
39:52 Light Cavalry
41:21 Iron Casting
40:42 Bodkin Arrow
42:34 Conscription
42:58 Plate Barding Armor
43:24 Blast Furnace
43:03 Citadels
42:26 Cavalier
44:27 Hoardings
43:21 Elite War Elephant
44:59 Hussar
49:14 Stone Shaft Mining
50:03 Caravan
1352078704
11:43 Feudal Age
13:19 Loom
18:33 Castle Age
17:44 Double-Bit Axe
22:57 Wheelbarrow
29:35 Husbandry
29:34 Gold Mining
29:34 Stone Mining
33:34 Imperial Age
32:07 Gold Shaft Mining
32:24 Hand Cart
32:24 Forging
32:19 Scale Barding Armor
32:40 Bow Saw
32:54 Town Watch
34:13 Iron Casting
33:44 Scale Barding Armor
33:56 Cavalier
35:32 Conscription
37:23 Blast Furnace
36:43 Chain Barding Armor
36:18 Paladin
38:57 Plate Barding Armor
40:54 Fletching
42:21 Town Patrol
42:35 Chivalry
44:55 Bodkin Arrow
45:01 Padded Archer Armor
44:50 Cranequins
44:50 Heavy Mounted Crossbowman
46:40 Ballistics
47:20 Chemistry
46:40 Leather Archer Armor
47:33 Ordonnance Companies
根本就没有这样的民族
6:10 Loom
9:27 Feudal Age
10:04 Double-Bit Axe
15:44 Forging
18:29 Wheelbarrow
19:14 Gold Mining
21:55 Castle Age
20:13 Stone Mining
20:16 Fletching
22:57 Bodkin Arrow
23:19 Bow Saw
24:12 Gold Shaft Mining
25:26 Husbandry
25:55 Ordonnance Companies
29:44 Ballistics
30:01 Padded Archer Armor
31:57 Hand Cart
31:38 Town Watch
35:41 Imperial Age
36:13 Leather Archer Armor
35:48 Heavy Mounted Crossbowman
37:50 Chemistry
40:17 Hoardings
40:08 Scale Barding Armor
40:29 Cavalier
42:04 Fortified Wall
42:00 Cranequins
43:41 Chain Barding Armor
45:04 Plate Barding Armor
47:00 Light Cavalry
48:50 Iron Casting
开局不死农就算成功
6:48 Loom
9:08 Feudal Age
9:46 Double-Bit Axe
10:25 Horse Collar
16:03 Scale Barding Armor
19:43 Wheelbarrow
22:31 Castle Age
21:47 Gold Mining
21:48 Stone Mining
22:11 Gold Mining
22:35 Forging
24:08 Bloodlines
23:59 Husbandry
23:23 Light Cavalry
25:30 Bow Saw
25:21 Heavy Plow
30:42 Chain Barding Armor
32:29 Iron Casting
33:07 Hand Cart
38:37 Imperial Age
39:05 Gold Shaft Mining
38:58 Masonry
39:53 Conscription
39:06 Elite Iron Pagoda
40:38 Plate Barding Armor
43:55 Blast Furnace
46:05 Sanctity
46:11 Illumination
46:01 Block Printing
46:24 Theocracy
46:03 Caravan
46:41 Guilds
46:50 Herbal Medicine
47:11 Block Printing
47:32 Theocracy
今夜浓愁未到乡
5:08 Loom
9:13 Feudal Age
9:51 Double-Bit Axe
11:32 Forging
17:26 Wheelbarrow
20:57 Castle Age
20:06 Horse Collar
20:29 Gold Mining
22:13 Bow Saw
22:08 Heavy Plow
23:26 Scale Barding Armor
23:54 Town Watch
26:33 Husbandry
27:42 Hand Cart
27:50 Hand Cart
28:30 Chain Barding Armor
29:57 Iron Casting
30:55 Gold Shaft Mining
35:23 Imperial Age
33:23 Bloodlines
34:16 Devotion
35:09 Stone Mining
36:44 Plate Barding Armor
36:02 Elite Battle Elephant
39:15 Blast Furnace
38:17 Tusk Swords
38:27 Capped Ram
41:08 Fletching
抗渗凯波拉,蒸得夹得
8:40 Loom
8:45 Loom
11:21 Feudal Age
15:42 Castle Age
13:39 Double-Bit Axe
16:15 Crossbowman
25:25 Wheelbarrow
27:11 Padded Archer Armor
28:25 Horse Collar
30:32 Bow Saw
32:54 Hand Cart
38:59 Imperial Age
37:11 Fletching
37:36 Leather Archer Armor
38:25 Bodkin Arrow
40:16 Conscription
40:12 Bracer
40:43 Ring Archer Armor
41:14 Elite Longbowman
45:56 Heavy Plow
45:46 Gold Mining
46:56 Two-Man Saw
47:05 Two-Man Saw
46:23 Warwolf
49:12 Gold Shaft Mining
49:37 Chemistry
48:57 Ballistics
49:37 Chemistry
48:47 Fortified Wall
48:57 Ballistics
48:47 Fortified Wall
49:46 Chemistry
49:07 Ballistics
49:50 Chemistry
49:10 Ballistics
50:26 Chemistry
50:01 Caravan
Connection lost

Rejoining the realm…

Still unreachable

The connection could not be restored.

Session expired

The server has moved on; the page needs a fresh start.